 Dungeon Crawl Stone Soup version 0.18-a0-1577-gf591c28 (webtiles) character file.

4746 M4edhros the Blocker (level 10, -3/50 HPs)
             Began as an Octopode Wanderer on Mar 18, 2016.
             Was an Initiate of Gozag.
             Slain by a wolf (10 damage)
             ... led by Grum
             ... on level 8 of the Dungeon.
             The game lasted 00:28:05 (35286 turns).

M4edhros the Blocker (Octopode Wanderer)           Turns: 35286, Time: 00:28:05

Health: -3/50      AC:  5    Str: 12    XL:     10   Next: 46%
Magic:  10/10      EV: 11    Int: 18    God:    Gozag
Gold:   727        SH: 22    Dex: 17    Spells: 0 memorised, 9 levels left

rFire  + . .     SeeInvis +     x - +11 mace of Riclaty {pain, Dex+4}
rCold  x . .     Gourm    .     e - +2 large shield
rNeg   . . .     Faith    .     I - +0 hat
rPois  .         Spirit   .     t - amulet of harm
rElec  .         Dismiss  .     r - ring of protection from magic
rCorr  .         Reflect  .     y - ring of fire
SustAt .         Harm     +     E - ring of see invisible
MR     +....                    G - ring of stealth
Stlth  ++++......               (no ring)
                                (no ring)
                                (no ring)
                                (no ring)

@: gold aura, hasted, very quick, somewhat resistant to hostile enchantments,
stealthy
A: almost no armour, amphibious, 8 rings, constrict 8, large bone plates 1,
yellow scales 1, camouflage 1, blink, clever 1, frail 1, wild magic 1,
gelatinous body 1, no device heal 1
a: Blink, Potion Petition, Call Merchant, Bribe Branch, Renounce Religion


You were on level 8 of the Dungeon.
You worshipped Gozag.
Gozag was noncommittal.
You were near starving.

You visited 2 branches of the dungeon, and saw 9 of its levels.
You also visited: Sewer.

You collected 1523 gold pieces.
You paid 796 gold pieces to Gozag.

Inventory:

Hand Weapons
 a - a +2 short sword
 f - a +0 blowgun
 i - a +0 hunting sling
 x - the +11 mace of Riclaty (weapon) {pain, Dex+4}
   (You found it on level 6 of the Dungeon)

   In the hands of one skilled in necromantic magic, it inflicts extra damage on
   living creatures.
   It affects your dexterity (+4).
Missiles
 b - 5 poisoned needles
 d - 113 arrows
 u - 12 arrows of dispersal
 F - 65 sling bullets
 H - 309 stones (quivered)
Armour
 e - a +2 large shield (worn)
 I - a +0 hat (worn)
Jewellery
 r - a ring of protection from magic (left tentacle)
 t - an amulet of harm (around mantle)
 y - a ring of fire (right tentacle)
 D - an uncursed ring of teleportation
 E - a ring of see invisible (on tentacle)
 G - a ring of stealth (on tentacle)
Wands
 c - a wand of disintegration (10/24)
 s - a wand of acid (5/15)
 v - a wand of slowing (11/48)
 C - a wand of paralysis (13/24)
Scrolls
 l - 4 scrolls of immolation
 m - a scroll of enchant armour {unknown}
 n - 2 scrolls of random uselessness {unknown}
 o - a scroll of remove curse
 p - a scroll of identify
 q - 2 scrolls of noise
 w - 4 scrolls of magic mapping
 z - a scroll of vulnerability {unknown}
 B - 2 scrolls of blinking
 J - a scroll of teleportation
 K - a scroll of fog {unknown}
Potions
 h - a potion of agility {unknown}
 k - 2 potions of degeneration
 A - 2 potions of brilliance
Miscellaneous
 j - a fan of gales
Comestibles
 g - 5 fruits


   Skills:
 - Level 3.0 Short Blades
 * Level 3.8(3.9) Slings
   Level 3.0 Bows
 - Level 1.0(2.5) Throwing
 - Level 2.7 Dodging
 + Level 13.8 Shields


You had 9 spell levels left.
You didn't know any spells.

Dungeon Overview and Level Annotations

Branches:
Dungeon (8/15)             Temple (1/1) D:7
   Lair: D:8-11

Altars:
Ashenzari
Cheibriados
Dithmenos
Gozag
Kikubaaqudgha
Makhleb
Okawaru
Pakellas
Ru
Vehumet
Xom
Yredelemnul
Zin
The Shining One

Shops:
Temple (

Annotations:
D:8 Grum


Innate Abilities, Weirdness & Mutations

You cannot wear most types of armour.
You are amphibious.
You can wear up to eight rings at the same time.
You can use your tentacles to constrict eight enemies at once.
Your skin changes colour to match your surroundings (Stealth).
Your rubbery body absorbs attacks (AC +1).
You are partially covered in large bone plates (AC +2, SH +2).
You are partially covered in yellow scales (AC +2).
You can translocate small distances at will.
Your mind is acute. (Int +2)
You are frail (-10% HP).
Your spells are a little harder to cast, but a little more powerful.
Potions and wands are less effective at restoring your health.


Message History

You block the wolf's attack. You block the hungry ghost's attack.
You block the wolf's attack. You block the hungry ghost's attack.
You closely miss the hungry ghost.
The hungry ghost is almost destroyed.
Grum is no longer distracted by gold.
The wolf bites you. You block the wolf's attack.
Grum hits you from afar with a spear!!
Ouch! That really hurt!
* * * LOW HITPOINT WARNING * * *
The hungry ghost barely misses you. You block the wolf's attack.
You hear a zap.
You hear a grinding noise.
You block the wolf's attack.
Drink which item? (? for menu, Esc to quit)
Okay, then.
Drink which item? (? for menu, Esc to quit)
It was a potion of haste.
You feel yourself speed up. You block the wolf's attack.
You block the hungry ghost's attack. The wolf bites you!
You die...
Xom bursts into laughter!
Your body crumbles into a pile of gold.

###..##.###.# #..
..<.. ............#
####.#...#..
#.......######
....#...... ####..###
#. ####......... ##.#
#. #...h..>..... ##.##
#.##.##......... #...#
##.....$..#...##.
#...#
####..Oh..g.##...# #
#...# #......@W#.##
###
####...###.##......##
...........##.#....#
..............#..#...
...........##.#....###
####...###.##.##.<.# #
#...# #.........# #
#.....####.###..#
#...#.# #.# ..#


You could see Grum, a hungry ghost, an ogre and a wolf.

Vanquished Creatures
  Pikel (D:6)
  Prince Ribbit (D:6)
  Sigmund (D:6)
  3 hippogriffs
  A hungry ghost (D:8)
  A water moccasin (D:7)
  2 sky beasts
  A black bear (D:7)
  An orc warrior (D:6)
  2 necrophages
  3 ogres
  A wolf (D:8)
  4 centaurs
  4 big kobolds
  A giant frog (D:7)
  3 gnoll sergeants (D:6)
  A scorpion (D:8)
  4 killer bees (D:8)
  3 howler monkeys (D:8)
  3 wights (D:5)
  2 crimson imps
  Crazy Yiuf (D:6)
  4 hounds
  A centaur skeleton (D:7)
  2 orc priests
  5 orc wizards
  2 iguanas
  5 worker ants
  Natasha (thrice) (D:3)
  Robin (D:4)
  7 gnolls
  A howler monkey skeleton (D:7)
  14 adders
  5 river rats
  5 shadow imps
  8 oozes
  5 worms
  4 giant geckos
  24 orcs
  6 ball pythons
  6 giant cockroaches
  26 goblins
  9 hobgoblins
  14 jackals
  21 kobolds
  6 quokkas
  11 bats
  2 giant gecko skeletons
  6 giant newts
  17 rats
  A plant (D:3)
265 creatures vanquished.

Vanquished Creatures (others)
  3 slaves (D:6)
  A giant frog (D:6)
  A scorpion (D:6)
  A hound (D:6)
  2 gnolls (D:6)
  A giant newt (D:6)
  A fire vortex (Temple)
10 creatures vanquished.

Grand Total: 275 creatures vanquished

Notes
Turn   | Place    | Note
--------------------------------------------------------------
     0 | D:1      | M4edhros the Octopode Wanderer began the quest for the Orb.
     0 | D:1      | M4edhros set off with: a +2 short sword, a potion of curing, a +0 shortbow, 25 arrows, a bread ration
     0 | D:1      | Reached XP level 1. HP: 11/11 MP: 1/1
   127 | D:1      | Reached XP level 2. HP: 10/17 MP: 2/2
   598 | D:1      | Reached skill level 2 in Shields
   674 | D:1      | Reached XP level 3. HP: 19/21 MP: 3/3
  1168 | D:2      | Found a sacrificial altar of Ru.
  1202 | D:2      | Found an iron altar of Okawaru.
  1225 | D:2      | Found a shattered altar of Ashenzari.
  1419 | D:2      | Reached skill level 3 in Shields
  1840 | D:2      | Reached XP level 4. HP: 27/27 MP: 4/4
  2997 | D:3      | Found an ancient bone altar of Kikubaaqudgha.
  3041 | D:3      | Reached skill level 4 in Shields
  3328 | D:3      | Noticed Natasha
  3340 | D:3      | Killed Natasha
  3340 | D:3      | Reached XP level 5. HP: 29/31 MP: 5/5
  3387 | D:3      | Noticed Natasha
  3393 | D:3      | Killed Natasha
  3492 | D:3      | Reached skill level 5 in Shields
  3773 | D:3      | Noticed Natasha
  3777 | D:3      | Killed Natasha
  3777 | D:3      | Reached XP level 6. HP: 36/36 MP: 6/6
  3801 | D:3      | Found a burning altar of Makhleb.
  3801 | D:3      | Noticed a green death
  3944 | D:4      | Reached skill level 6 in Shields
  3971 | D:4      | Found a snail-covered altar of Cheibriados.
  4102 | D:4      | Reached XP level 7. HP: 41/41 MP: 7/7
  4404 | D:4      | Found a glowing drain.
  4419 | D:4      | Reached skill level 7 in Shields
  4440 | Sewer    | Entered a sewer
  5099 | Sewer    | Reached skill level 8 in Shields
  5503 | D:4      | Reached XP level 8. HP: 39/46 MP: 8/8
  5545 | D:4      | Noticed Robin
  5562 | D:4      | Killed Robin
  5747 | D:4      | Reached skill level 9 in Shields
  5774 | D:5      | Entered Level 5 of the Dungeon
  6375 | D:5      | Reached skill level 10 in Shields
  7012 | D:6      | Noticed Pikel
  7044 | D:6      | Killed Pikel
  7044 | D:6      | Reached skill level 11 in Shields
  7044 | D:6      | Reached XP level 9. HP: 28/51 MP: 9/9
  7263 | D:6      | Noticed Prince Ribbit
  7356 | D:6      | Noticed Sigmund
  7613 | D:6      | Noticed Crazy Yiuf
  7622 | D:6      | Killed Crazy Yiuf
  7627 | D:6      | Got an ivory mace
  7628 | D:6      | Identified the +11 mace of Riclaty {pain, Dex+4} (You found it on level 6 of the Dungeon)
  7724 | D:6      | Found a radiant altar of Vehumet.
  7740 | D:6      | Killed Sigmund
  7868 | D:6      | Killed Prince Ribbit
  7868 | D:6      | Reached skill level 12 in Shields
  8106 | D:6      | Found a shadowy altar of Dithmenos.
  8660 | D:7      | Gained mutation: Your body sometimes deteriorates upon taking damage. [mutagenic meat]
  8661 | D:7      | Gained mutation: You are partially covered in large bone plates (AC +2, SH +2). [mutagenic meat]
  8662 | D:7      | Gained mutation: Potions and wands are less effective at restoring your health. [mutagenic meat]
  8663 | D:7      | Gained mutation: Your mind is acute. (Int +2) [mutagenic meat]
  8706 | D:7      | Reached skill level 13 in Shields
  8790 | D:7      | Reached XP level 10. HP: 56/56 MP: 10/10
  8827 | D:7      | Found a staircase to the Ecumenical Temple.
  8842 | Temple   | Entered the Ecumenical Temple
  8881 | Temple   | Became a worshipper of Xom of Chaos
  9314 | Temple   | XOM is BORED!
  9314 | Temple   | XOM: silly message
 10149 | Temple   | XOM: harmless Erth miscast
 10212 | Temple   | XOM: colour smoke trail
 10561 | Temple   | XOM: medium Necr miscast
 10790 | D:7      | XOM is BORED!
 10790 | D:7      | XOM: stat loss: -1 Dex (16/17)
 11029 | D:7      | XOM is BORED!
 11029 | D:7      | XOM: give mutation
 11029 | D:7      | Gained mutation: You possess an exceptional clarity of mind. [Xom's mischief]
 11137 | Temple   | XOM: divination: detect creatures
 11373 | Temple   | XOM: cast spell 'Spider Form'
 11455 | Temple   | XOM: divination: detect creatures
 12616 | Temple   | XOM: god gift: 2 smoky dark potions
 12812 | Temple   | XOM: mild Pois miscast
 12813 | Temple   | XOM: god gift: 52 gold pieces
 13439 | Temple   | XOM: give mutations
 13439 | Temple   | Lost mutation: Your mind is acute. (Int +2) [Xom's mischief]
 13439 | Temple   | Gained mutation: You are weak. (Str -2) [Xom's mischief]
 13481 | Temple   | XOM: god gift: 760 gold pieces
 13960 | Temple   | XOM: god gift: 12 gold pieces
 14090 | Temple   | XOM: 1-stop teleportation journey
 14247 | Temple   | XOM: 1-stop teleportation journey
 14263 | Temple   | XOM: 3-stop teleportation journey
 14593 | Temple   | XOM: vitrification
 14730 | Temple   | XOM: give mutations
 14730 | Temple   | Gained mutation: You are partially covered in yellow scales (AC +2). [Xom's grace]
 14730 | Temple   | Gained mutation: You have a pair of small antennae on your head. [Xom's grace]
 14730 | Temple   | Gained mutation: Your flesh is heat resistant. [Xom's grace]
 14980 | Temple   | XOM is BORED!
 14980 | Temple   | XOM: medium Fire miscast
 16651 | Temple   | XOM: medium Summ miscast
 16834 | Temple   | XOM: harmless Conj miscast
 17434 | Temple   | XOM: mild Ice miscast
 18052 | Temple   | XOM: harmless Pois miscast
 18515 | Temple   | XOM is BORED!
 18515 | Temple   | XOM: medium Fire miscast
 18780 | Temple   | XOM: summons 5 hostile demons
 19313 | Temple   | XOM: give mutations
 19313 | Temple   | Lost mutation: You have a pair of small antennae on your head. [Xom's mischief]
 19313 | Temple   | Gained mutation: You can translocate small distances at will. [Xom's mischief]
 19313 | Temple   | Lost mutation: Your body sometimes deteriorates upon taking damage. [Xom's mischief]
 19313 | Temple   | Lost mutation: Your flesh is heat resistant. [Xom's mischief]
 19482 | Temple   | XOM: harmless Ice miscast
 19697 | Temple   | XOM: 6-stop teleportation journey
 19816 | Temple   | XOM: 3-stop teleportation journey
 19881 | Temple   | XOM: give mutations
 19881 | Temple   | Gained mutation: You are mostly covered in yellow scales (AC +3). [Xom's mischief]
 19881 | Temple   | Gained mutation: You are occasionally teleported next to monsters. [Xom's mischief]
 19927 | Temple   | XOM: colour smoke trail
 20289 | Temple   | XOM: god gift: 4 meat rations
 21173 | Temple   | XOM: god gift: fan of gales
 21299 | Temple   | XOM: god gift: scroll labeled NOKLEDOETT
 21419 | Temple   | XOM: cast spell 'Statue Form'
 21492 | Temple   | XOM: harmless Ice miscast
 21512 | Temple   | XOM: colour smoke trail
 22965 | Temple   | XOM: harmless Hex miscast
 22993 | Temple   | XOM: give mutations
 22993 | Temple   | Gained mutation: You have a pair of small antennae on your head. [Xom's grace]
 22993 | Temple   | Lost mutation: You are weak. (Str -2) [Xom's grace]
 22993 | Temple   | Gained mutation: Your flesh is cold resistant. [Xom's grace]
 23222 | Temple   | XOM: god gift: hat {god gift}
 23905 | Temple   | XOM: god gift: scroll labeled FEQYAQ TOUMAO
 24171 | Temple   | XOM: god gift: shiny helmet {god gift}
 24880 | Temple   | XOM is BORED!
 24880 | Temple   | XOM: torment (23/56 hp)
 25227 | Temple   | XOM: give mutation
 25227 | Temple   | Lost mutation: You possess an exceptional clarity of mind. [Xom's mischief]
 25229 | Temple   | XOM: colour smoke trail
 25421 | Temple   | XOM: summons 5 hostile demons
 26012 | Temple   | XOM: god gift: 40 gold pieces
 26152 | Temple   | XOM: scenery: create altars
 26191 | Temple   | XOM: cast spell 'Summon Butterflies'
 26317 | Temple   | XOM: 2-stop teleportation journey
 26458 | Temple   | XOM: give mutation
 26458 | Temple   | Gained mutation: You occasionally shout uncontrollably at your foes. [Xom's mischief]
 26540 | Temple   | XOM: medium Hex miscast
 26715 | Temple   | XOM: 3-stop teleportation journey
 26805 | Temple   | XOM: medium Erth miscast
 26843 | Temple   | XOM: noise
 27326 | Temple   | XOM: harmless Fire miscast
 27395 | Temple   | XOM: give mutations
 27395 | Temple   | Gained mutation: Your mind is acute. (Int +2) [Xom's grace]
 27395 | Temple   | Gained mutation: Your spells are a little harder to cast, but a little more powerful. [Xom's grace]
 27395 | Temple   | Gained mutation: Your muscles are strong. (Str +2) [Xom's grace]
 27540 | Temple   | XOM is BORED!
 27540 | Temple   | XOM: medium Fire miscast
 27826 | Temple   | XOM: silly message
 28156 | Temple   | XOM: god gift: ring mail {god gift}
 28564 | Temple   | XOM: noise
 29095 | Temple   | XOM: noise
 29175 | Temple   | XOM: medium Trmt miscast
 29263 | Temple   | XOM: give mutations
 29263 | Temple   | Gained mutation: Your body sometimes deteriorates upon taking damage. [Xom's mischief]
 29263 | Temple   | Lost mutation: Your muscles are strong. (Str +2) [Xom's mischief]
 30245 | Temple   | XOM is BORED!
 30245 | Temple   | XOM: give mutations
 30245 | Temple   | Lost mutation: You have a pair of small antennae on your head. [Xom's mischief]
 30245 | Temple   | Gained mutation: Scrolls take you a little longer to read. [Xom's mischief]
 30245 | Temple   | Lost mutation: Your body sometimes deteriorates upon taking damage. [Xom's mischief]
 30245 | Temple   | Lost mutation: Scrolls take you a little longer to read. [Xom's mischief]
 30491 | Temple   | XOM: mild Hex miscast
 30634 | Temple   | XOM: colour smoke trail
 30707 | Temple   | XOM: mild Divn miscast
 31228 | Temple   | XOM: harmless Conj miscast
 31272 | Temple   | XOM: silly message
 31581 | Temple   | XOM: mild Fire miscast
 32056 | Temple   | XOM is BORED!
 32056 | Temple   | XOM: mild Hex miscast
 32323 | Temple   | XOM: god gift: spear {god gift}
 32387 | Temple   | XOM: divination: detect creatures
 32637 | Temple   | XOM: harmless Tloc miscast
 33077 | Temple   | XOM: harmless Necr miscast
 33239 | Temple   | XOM: colour smoke trail
 33551 | Temple   | XOM: divination: detect creatures
 33570 | Temple   | XOM: 2-stop teleportation journey
 33632 | Temple   | XOM: harmless Chrm miscast
 34690 | Temple   | Fell from the grace of Xom
 34690 | Temple   | Became a worshipper of Gozag Ym Sagoz the Greedy
 34732 | D:7      | Reached skill level 1 in Slings
 34747 | D:7      | Lost mutation: You occasionally shout uncontrollably at your foes. [potion of mutation]
 34747 | D:7      | Lost mutation: Your flesh is cold resistant. [potion of mutation]
 34748 | D:7      | Gained mutation: Your flesh is heat resistant. [potion of mutation]
 34981 | D:8      | XOM: mild Summ miscast
 35207 | D:8      | XOM: give mutations
 35207 | D:8      | Lost mutation: Your flesh is heat resistant. [Xom's mischief]
 35207 | D:8      | Gained mutation: You are frail (-10% HP). [Xom's mischief]
 35207 | D:8      | Lost mutation: You are mostly covered in yellow scales (AC +3). [Xom's mischief]
 35207 | D:8      | Lost mutation: You are occasionally teleported next to monsters. [Xom's mischief]
 35273 | D:8      | Noticed Grum
 35286 | D:8      | Slain by a wolf

Vault maps used:
D:1:      dpeg_arrival_rooms_c, minmay_misc_feat_roman, st_stairs_12
D:2:      kennysheep_the_goblin_king, lemuel_crystal_altar,
          ashenzari_conservatory_becter, old_standard_altar, first_bread
D:3:      wad_woods_settlement, lemuel_crystal_altar, makhleb_altar_promises_db,
          serial_bayou, serial_bayou_lagoon_a, serial_bayou_pond_d, uniq_natasha
D:4:      kennysheep_goblin_castle, cheibriados_altar_wand_db,
          portal_sewer_entry_b, uniq_robin
D:6:      marbit_many_paths, nicolae_overflow_hidden_temple, uniq_pikel,
          uniq_sigmund, uniq_crazy_yiuf_cottage, uniq_prince_ribbit1
D:7:      minmay_temple_entry_junction2, minmay_misc_feat_tiny
D:8:      tgw_fedhas, uniq_grum
Temple:   hc_temple_tempest_star_small
Sewer:    sewer_co_tree

Skill      XL: |  1  2  3  4  5  6  7  8  9 10 |
---------------+-------------------------------+-----
Shields        | 2 3 4 5 6 8 11 13 | 13.8
Slings         | 3 |  3.8
Short Blades   | |  3.0
Bows           | |  3.0
Throwing       | |  1.0
Dodging        | |  2.7

Action                   |  1- 3 |  4- 6 |  7- 9 | 10-12 || total
-------------------------+-------+-------+-------+-------++-------
Melee: Short sword       |    74 |   161 |   287 |       ||   522
       Mace              |       |       |    70 |   107 ||   177
Invok: Call Merchant     |       |       |       |     1 ||     1
Evoke: Wand              |       |       |     4 |       ||     4
  Use: Scroll            |       |     1 |     6 |       ||     7
       Potion            |       |     1 |    10 |     5 ||    16
 Stab: Sleeping          |    10 |     5 |    14 |     5 ||    34
       Paralysed         |       |       |     3 |       ||     3
       Distracted        |       |       |     1 |       ||     1
  Eat: Chunk             |     3 |     7 |    20 |     2 ||    32
       Meat ration       |       |       |       |     8 ||     8
       Bread ration      |       |       |       |     7 ||     7
       Fruit             |       |       |       |     2 ||     2
       Beef jerky        |       |       |       |     2 ||     2
       Pizza             |       |       |       |     1 ||     1
